 Dungeon Crawl Stone Soup version 0.28-b1-70-g80dc712255 (webtiles) character file.

Game seed: 8677870830943857814

1859 pkoi the Carver (level 8, 0/71 HPs)
             Began as a Minotaur Gladiator on Feb 3, 2022.
             Was an Initiate of Gozag.
             Slain by a gnoll (6 damage)
             ... on level 7 of the Dungeon.
             The game lasted 00:05:46 (7520 turns).

pkoi the Carver (Minotaur Gladiator)                Turns: 7520, Time: 00:05:47

Health: 0/71       AC: 13    Str: 18 (20) XL:     8   Next: 89%
Magic:  7/7        EV:  8    Int:  4 (5)  God:    Gozag
Gold:   479        SH:  0    Dex: 11 (13) Spells: 7/7 levels left

rFire   . . .      SeeInvis .   r - +2 great sword
rCold   . . .      Faith    .   (shield currently unavailable)
rNeg    . . .      Spirit   .   u - +0 chain mail
rPois   .          Reflect  .   c - +1 hat
rElec   .          Harm     .   (no cloak)
rCorr   .          Rampage  .   (no gloves)
Will    .....                   o - +1 pair of boots
Stlth   ..........              i - amulet of the acrobat
HPRegen 0.21/turn               (no ring)
MPRegen 0.10/turn               (no ring)

@: brilliant, gold aura
A: horns 2, retaliatory headbutt, MP-powered wands
a: Renounce Religion, Potion Petition, Call Merchant, Bribe Branch


You were on level 7 of the Dungeon.
You worshipped Gozag.
Gozag was aware of your devotion.
You visited 2 branches of the dungeon, and saw 8 of its levels.

You collected 531 gold pieces.
You paid 52 gold pieces to Gozag.

Inventory:

Hand Weapons
 a - a +0 long sword
 r - a +2 great sword (weapon)
Missiles
 d - 3 throwing nets
Armour
 c - a +1 hat (worn)
 o - a +1 pair of boots (worn)
 u - a +0 chain mail (worn)
Jewellery
 i - an amulet of the acrobat (around neck)
 j - a +6 ring of dexterity
Wands
 l - a wand of iceblast (8) (quivered)
 s - a wand of flame (17)
Scrolls
 b - a scroll of identify
 h - 4 scrolls of teleportation
 n - 2 scrolls of enchant armour
Potions
 e - 2 potions of curing
 k - a potion of flight
 m - 3 potions of heal wounds
 p - a potion of cancellation
 t - a potion of haste


   Skills:
 + Level 6.8 Fighting
 * Level 9.8 Long Blades
 - Level 2.0 Throwing
 + Level 6.2 Armour
 - Level 3.2 Dodging
 * Level 3.5 Evocations


You had 7 spell levels left.
You didn't know any spells.
Your spell library was empty.

Dungeon Overview and Level Annotations

Branches:
Dungeon (7/15)             Temple (1/1) D:5

Altars:
Ashenzari
Cheibriados
Dithmenos
Elyvilon
Gozag
Kikubaaqudgha
Makhleb
Nemelex Xobeh
Okawaru
Ru
Sif Muna
Trog
Vehumet
Yredelemnul
Zin
The Shining One

Shops:
D:2 (   D:4 =


Innate Abilities, Weirdness & Mutations

You have a pair of horns on your head.
You reflexively headbutt those who attack you in melee.
You expend magic power (3 MP) to strengthen your wands.


Message History

The gnoll shouts!
The gnoll closely misses you. The gnoll barely misses you.
You furiously retaliate!
You headbutt the gnoll!
The gnoll hits you from afar with a +0 halberd.
You are too injured to fight recklessly!
Unknown command.
You are too injured to fight recklessly!
You closely miss the gnoll.
The gnoll is heavily wounded.
The centaur is no longer distracted by gold.
The centaur shoots an arrow.
The arrow hits you. The gnoll barely misses you. You furiously retaliate!
You headbutt the gnoll.
You kill the gnoll!
The centaur shoots an arrow.
The arrow hits you. The gnoll barely misses you.
The centaur unwields a +0 shortbow.
The centaur misses you. The centaur barely misses you.
The gnoll closely misses you.
Things that are here:
8 gold pieces; a +0 club Unknown command.
You barely miss the centaur. The centaur hits you.
* * * LOW HITPOINT WARNING * * *
The centaur kicks you but does no damage.
The gnoll hits you with a +0 halberd!
* * * LOW HITPOINT WARNING * * *
The centaur hits you but does no damage.
The centaur kicks you but does no damage.
You barely miss the centaur. You headbutt the centaur.
The centaur is lightly wounded.
The centaur hits you but does no damage.
The centaur kicks you but does no damage.
The gnoll barely misses you. The centaur barely misses you. x2
Unknown command.
You slash the centaur! You headbutt the centaur.
The centaur is heavily wounded.
The centaur hits you.
* * * LOW HITPOINT WARNING * * *
The centaur kicks you but does no damage.
The gnoll hits you with a +0 halberd.
You die...
Your body crumbles into a pile of gold.

...# #. .... #.### ...
#.... .. ...###.#
##.....### #....g...##+##
# #.#$$@c..#..... ...
#.#........#..... ...##
#....#.....#.....# ...#
#.............#... ...
......#.#.#...##...####.?
#.#...#.......##...<.....
# #.. #.#........####....
#.. #.#......## #.#..
#...#+###....######.#.#


You could see a centaur and a gnoll.

Vanquished Creatures
  Duvessa (D:5)
  A black bear (D:7)
  A sky beast (D:6)
  2 ice beasts
  2 ogres
  A centaur (D:7)
  A wyvern zombie (D:4)
  2 scorpions (D:5)
  Dowan (D:5)
  5 wights (D:6)
  A howler monkey (D:6)
  A centaur zombie (D:6)
  5 hounds
  An orc priest (D:5)
  A bullfrog skeleton (D:6)
  A centaur skeleton (D:5)
  2 iguanas
  4 orc wizards
  Robin (D:4)
  2 gnolls (D:7)
  10 adders
  A white imp (D:6)
  4 ufetubi
  An adder skeleton (D:4)
  A worm (D:2)
  5 dart slugs
  11 orcs
  8 bats
  9 endoplasms
  4 giant cockroaches
  10 goblins
  7 hobgoblins
  10 jackals (D:1)
  3 quokkas
  6 ball pythons
  A frilled lizard (D:1)
  4 kobolds
  3 rats
134 creatures vanquished.

Notes
Turn   | Place    | Note
-------+----------+-------------------------------------------
     0 | D:1      | pkoi the Minotaur Gladiator began the quest for the Orb.
     0 | D:1      | Reached XP level 1. HP: 18/18 MP: 0/0
    88 | D:1      | Reached skill level 4 in Long Blades
    91 | D:1      | Reached XP level 2. HP: 25/25 MP: 1/1
   201 | D:1      | Reached skill level 1 in Armour
   451 | D:1      | Reached XP level 3. HP: 24/30 MP: 2/2
  1364 | D:2      | Found Fucwe's Weapon Shop.
  1739 | D:2      | Reached XP level 4. HP: 33/38 MP: 3/3
  1932 | D:2      | Reached skill level 5 in Long Blades
  2258 | D:3      | Found a faded altar of an unknown god.
  2802 | D:4      | Reached XP level 5. HP: 40/46 MP: 4/4
  2872 | D:4      | Noticed Robin
  2959 | D:4      | Found Kobihaem's Jewellery Shop.
  3116 | D:4      | Reached skill level 6 in Long Blades
  3227 | D:4      | Reached XP level 6. HP: 35/53 MP: 5/5
  3704 | D:4      | Killed Robin
  4069 | D:5      | Entered Level 5 of the Dungeon
  4519 | D:5      | Reached skill level 7 in Long Blades
  4620 | D:5      | Reached skill level 5 in Fighting
  4641 | D:5      | Reached XP level 7. HP: 47/61 MP: 6/6
  4997 | D:5      | Noticed Duvessa
  4997 | D:5      | Noticed Dowan
  5004 | D:5      | Killed Duvessa
  5006 | D:5      | Killed Dowan
  5007 | D:5      | Reached skill level 1 in Evocations
  5259 | D:5      | Found a staircase to the Ecumenical Temple.
  5274 | Temple   | Entered the Ecumenical Temple
  5375 | Temple   | Became a worshipper of Gozag Ym Sagoz the Greedy
  5720 | D:6      | Reached skill level 8 in Long Blades
  6097 | D:6      | Reached skill level 5 in Armour
  6097 | D:6      | Reached XP level 8. HP: 53/70 MP: 7/7
  6590 | D:6      | Reached skill level 9 in Long Blades
  7494 | D:7      | Gained mutation: You expend magic power (3 MP) to
                  | strengthen your wands. [potion of mutation]
  7520 | D:7      | Slain by a gnoll

Illustrated notes

Levels and vault maps discovered:
D:1:      doesnt_arrival_eight_statues, layout_loops_ring
D:2:      layout_basic, serial_shops, nicolae_shop_bloodbath_and_beyond,
          grunt_decor_junction, kennysheep_doodads
D:3:      layout_basic, ebering_ecumenical_altar_rust
D:4:      layout_rooms, minmay_shop_enchanted_jewellery, dk_vineyard_2,
          uniq_robin
D:5:      layout_gridville, minmay_temple_entry_antechambers,
          chequers_serial_rivers_small_a, uniq_duvessa
D:6:      layout_rooms, roderic_roman_lattice, minmay_misc_feat_room,
          chequers_serial_rivers_small_3, lemuel_flamethrower_1
D:7:      layout_basic, enter_bailey_2, sword_in_stone
Temple:   compressed_dpeg_circular_temple

Skill      XL: |  1  2  3  4  5  6  7  8 |
---------------+-------------------------+-----
Long Blades    | 4 5 6 7 8 9 |  9.8
Armour         | 1 2 3 4 5 6 |  6.2
Fighting       | 3 4 5 6 |  6.8
Evocations     | 1 3 |  3.5
Throwing       | |  2.0
Dodging        | |  3.2

Action                   |  1- 3 |  4- 6 |  7- 9 || total
-------------------------+-------+-------+-------++-------
Melee: Long sword        |    92 |   138 |    73 ||   303
       Headbutt          |    11 |    22 |    23 ||    56
       Punch             |     1 |       |     2 ||     3
       Great sword       |       |       |    48 ||    48
Evoke: Wand              |       |       |     1 ||     1
  Use: Scroll            |     2 |     8 |       ||    10
       Potion            |     2 |       |     3 ||     5
 Stab: Sleeping          |       |       |     1 ||     1
Armor: Leather armour    |    22 |    47 |    31 ||   100
       Chain mail        |       |       |    18 ||    18
Dodge: Dodged            |    69 |   119 |   109 ||   297
